 Dungeon Crawl Stone Soup version 0.27.1-3-gb3d3a73c9e (webtiles) character file.

Game seed: 16577775030384288766

95 Crownlay the Digger (level 4, -4/24 HPs)
             Began as a Gargoyle Earth Elementalist on Oct 17, 2021.
             Slain by an orc warrior (14 damage)
             ... on level 3 of the Dungeon.
             The game lasted 00:03:15 (2971 turns).

Crownlay the Digger (Gargoyle Earth Elementalist)   Turns: 2971, Time: 00:03:16

Health: -4/24      AC:  5    Str: 11    XL:     4   Next: 65%
Magic:  1/9        EV: 11    Int: 17    God:
Gold:   88         SH:  0    Dex: 10    Spells: 5/9 levels left

rFire    . . .     SeeInvis .   f - +2 dagger (venom)
rCold    . . .     Faith    .   (no shield)
rNeg     + . .     Spirit   .   b - +0 robe
rPois    ∞         Reflect  .   (no helmet)
rElec    +         Harm     .   (no cloak)
rCorr    .         Rampage  .   (no gloves)
Will     .....                  (no boots)
Stlth    ++........             (no amulet)
HPRegen  0.08/turn              (no ring)
MPRegen  0.11/turn              (no ring)

@: no status effects
A: sickness immunity, AC +3, negative energy resistance 1, electricity
resistance, torment resistance 1, petrification resistance
a: no special abilities


You were on level 3 of the Dungeon.
You visited 1 branch of the dungeon, and saw 3 of its levels.

You collected 88 gold pieces.

Inventory:

Hand Weapons
 f - a +2 dagger of venom (weapon)
Missiles
 c - 38 stones
Armour
 b - a +0 robe (worn)
Magical Staves
 g - a staff of air
Scrolls
 a - a scroll of teleportation {unknown}
 d - 2 scrolls of enchant armour {unknown}
Potions
 e - a potion of flight {unknown}


   Skills:
 - Level 1.5 Dodging
 - Level 2.1 Stealth
 + Level 3.3 Spellcasting
 - Level 0.7 Transmutations
 + Level 5.1 Earth Magic


You had 5 spell levels left.
You knew the following spells:

 Your Spells              Type           Power      Damage    Failure   Level
a - Sandblast             Erth           40%        2d10      1%          1
b - Stone Arrow           Conj/Erth      22%        3d8       17%         3

Your spell library contained the following spells:

 Spells                   Type           Power      Damage    Failure   Level
 Passwall                 Tmut/Erth      10%        N/A       8%          2
 Petrify                  Tmut/Erth      12%        N/A       45%         4


Dungeon Overview and Level Annotations

Branches:
Dungeon (3/15)

Altars:


Innate Abilities, Weirdness & Mutations

You are immune to sickness and miasma.
Your stone body is resilient. (AC +3)
You are immune to poison.
You resist negative energy. (rN+)
You are resistant to electric shocks. (rElec)
You are resistant to unholy torment.
You are immune to petrification.


Message History

Press: ? - help, Shift-Dir - straight line, f - orc, p - orc
Aim: an orc, wielding a +0 club (79% to hit)
The blast of sand hits something!
Reactivating autopickup.
You feel a bit more experienced.
Your Earth Magic skill increases to level 5!
Casting: Sandblast (safe; 1% risk of failure)
Confirm with . or Enter, or press ? or * to list all spells.
Aiming: Sandblast (safe; 1% risk of failure)
Press: ? - help, Shift-Dir - straight line, f/p - orc
Aim: an orc, wielding a +0 club (81% to hit)
The blast of sand hits the orc.
The orc is heavily wounded.
Casting: Sandblast (safe; 1% risk of failure)
Confirm with . or Enter, or press ? or * to list all spells.
Aiming: Sandblast (safe; 1% risk of failure)
Press: ? - help, Shift-Dir - straight line, f/p - orc
Aim: an orc, wielding a +0 club (heavily wounded, 81% to hit)
The blast of sand hits the orc.
The orc is almost dead.
The orc hits you but does no damage.
Casting: Sandblast (safe; 1% risk of failure)
Confirm with . or Enter, or press ? or * to list all spells.
Aiming: Sandblast (safe; 1% risk of failure)
Press: ? - help, Shift-Dir - straight line, f/p - orc
Aim: an orc, wielding a +0 club (almost dead, 81% to hit)
The blast of sand hits the orc!
You kill the orc!
Casting: Sandblast (safe; 1% risk of failure)
Confirm with . or Enter, or press ? or * to list all spells.
You don't have enough magic to cast this spell.
Casting: Sandblast (safe; 1% risk of failure)
Confirm with . or Enter, or press ? or * to list all spells.
Aiming: Sandblast (safe; 1% risk of failure)
Press: ? - help, Shift-Dir - straight line, f - orc warrior
Aim: an orc warrior, wielding a +0 war axe and wearing a +0 chain mail (78% to hit)
The blast of sand hits the orc warrior but does no damage.
The orc warrior hits you with a +0 war axe!
Ouch! That really hurt!
You die...

...........#######
.......#.#.#
.......#.#.#
.......#.#.#
.......#.#.#######
#.......#
###...#.# #...#.#
#...#@# #...#o#
#...#o#####
#####oo...#
#...oo.#.##
#......#.#
#........#
#......###
#.......#


You could see an orc warrior and 5 orcs.

Vanquished Creatures
  An orc wizard (D:3)
  2 adders (D:2)
  2 orcs (D:3)
  7 endoplasms
  2 giant cockroaches
  4 goblins
  3 hobgoblins (D:1)
  2 jackals (D:1)
  2 quokkas (D:1)
  4 ball pythons
  5 bats
  4 frilled lizards
  6 kobolds
  2 rats (D:2)
46 creatures vanquished.

Notes
Turn   | Place    | Note
-------+----------+-------------------------------------------
     0 | D:1      | Crownlay the Gargoyle Earth Elementalist began the quest
                  | for the Orb.
     0 | D:1      | Reached XP level 1. HP: 10/10 MP: 3/3
   453 | D:1      | Found a faded altar of an unknown god.
   505 | D:1      | Reached skill level 4 in Earth Magic
   505 | D:1      | Reached XP level 2. HP: 15/15 MP: 5/5
  1398 | D:1      | Reached XP level 3. HP: 19/19 MP: 2/6
  1608 | D:1      | Learned a level 3 spell: Stone Arrow
  2478 | D:2      | Reached XP level 4. HP: 13/24 MP: 6/8
  2953 | D:3      | Noticed an orc warrior
  2968 | D:3      | Reached skill level 5 in Earth Magic
  2971 | D:3      | Slain by an orc warrior

Illustrated notes

Levels and vault maps discovered:
D:1:      heliophobic_arrival_glass_houses, layout_basic,
          hellmonk_ecumenical_altar_run_dry, minmay_misc_feat_cross,
          minmay_strange_pillars, minmay_misc_feat_secret_circle
D:2:      layout_basic
D:3:      layout_basic, uniq_robin

Skill      XL: |  1  2  3  4 |
---------------+-------------+-----
Earth Magic    | 4 5 |  5.1
Spellcasting   | 3 |  3.3
Dodging        | |  1.5
Stealth        | |  2.1
Transmutations | |  0.7

Action                   |  1- 3 |  4- 6 || total
-------------------------+-------+-------++-------
Melee: Dagger            |    55 |    14 ||    69
 Cast: Sandblast         |    34 |     7 ||    41
 Stab: Sleeping          |     4 |       ||     4
Armor: Robe              |    23 |     6 ||    29
Dodge: Dodged            |    53 |    13 ||    66
